 Dungeon Crawl Stone Soup version 0.28-a0-1504-g839a4452db (webtiles) character file.

Game seed: 4509601499393027390

4 Essalna the Firebug (level 1, -1/13 HPs)
             Began as a Demonspawn Fire Elementalist on Jan 13, 2022.
             Slain by a jackal (3 damage)
             ... on level 1 of the Dungeon.
             The game lasted 00:00:32 (246 turns).

Essalna the Firebug (Demonspawn Fire Elementalist)   Turns: 246, Time: 00:00:33

Health: -1/13      AC:  2    Str:  8    XL:     1   Next: 50%
Magic:  2/3        EV: 12    Int: 16    God:
Gold:   0          SH:  0    Dex: 13    Spells: 3/4 levels left

rFire   . . .      SeeInvis .   b - +0 whip
rCold   . . .      Faith    .   (no shield)
rNeg    . . .      Spirit   .   a - +0 robe
rPois   .          Reflect  .   (no helmet)
rElec   .          Harm     .   (no cloak)
rCorr   .          Rampage  .   (no gloves)
Will    .....                   (no boots)
Stlth   ++........              (no amulet)
HPRegen 0.04/turn               (no ring)
MPRegen 0.08/turn               (no ring)

@: no status effects
A: no striking features
a: no special abilities


You were on level 1 of the Dungeon.
You visited 1 branch of the dungeon, and saw 1 of its levels.

Inventory:

Hand Weapons
 b - a +0 whip (weapon)
Armour
 a - a +0 robe (worn)


   Skills:
 - Level 1.7 Dodging
 - Level 1.7 Stealth
 + Level 2.1 Spellcasting
 + Level 1.1 Conjurations
 + Level 2.8 Fire Magic


You had 3 spell levels left.
You knew the following spells:

 Your Spells              Type           Power      Damage    Failure   Level
a - Foxfire               Conj/Fire      32%        2x1d5     9%          1

Your spell library contained the following spells:

 Spells                   Type           Power      Damage    Failure   Level
 Scorch                   Fire           20%        2d6       10%         2
 Conjure Flame            Conj/Fire      8%         6-21      26%         3
 Inner Flame              Hex/Fire       6%         N/A       34%         3
 Flame Wave               Conj/Fire      8%         2d4       65%         4


Dungeon Overview and Level Annotations

Branches:
Dungeon (1/15)

Altars:


Message History

The jackal misses you. x2
You miss the jackal.
The jackal is moderately wounded.
The jackal bites you but does no damage.
You barely miss the jackal.
The jackal is moderately wounded.
The jackal misses you. The jackal bites you.
You hit the jackal.
You kill the jackal!
The giant cockroach bites you. The jackal closely misses you.
You closely miss the jackal. The giant cockroach closely misses you.
The jackal bites you.
You barely miss the jackal. The jackal completely misses you.
The giant cockroach bites you but does no damage.
The jackal bites you. The giant cockroach closely misses you.
You hit the jackal.
The jackal is moderately wounded.
The jackal barely misses you. The giant cockroach closely misses you.
You closely miss the jackal.
The jackal is moderately wounded.
The jackal bites you. The giant cockroach misses you. The jackal bites you.
You closely miss the jackal.
The jackal is moderately wounded.
The giant cockroach barely misses you. The jackal misses you.
The giant cockroach closely misses you. The jackal bites you.
* * * LOW HITPOINT WARNING * * *
You barely miss the giant cockroach. The jackal barely misses you.
The giant cockroach closely misses you.
You barely miss the giant cockroach. The jackal bites you.
* * * LOW HITPOINT WARNING * * *
The giant cockroach misses you. The jackal closely misses you.
You hit the giant cockroach.
The giant cockroach is almost dead.
The giant cockroach closely misses you.
The jackal bites you but does no damage.
The giant cockroach barely misses you.
You closely miss the giant cockroach.
The giant cockroach is almost dead.
The jackal bites you.
You die...

#.# #.# #.# #.#
#.# #.## #..##
###########
##.#.##
#....B@hh.#
##..##.#
#..#####..#
#.#..(..
#..#######...#.#
#.............##
#..##.####...##
#.###.# ##.##
...# #.# #.#
...†# #.# #.#
#.##.# #.# #+#


You could see 2 jackals and a giant cockroach.

Vanquished Creatures
  2 jackals (D:1)
  A kobold (D:1)
3 creatures vanquished.

Vanquished Creatures (others)
  9 foxfires (D:1)
9 creatures vanquished.

Grand Total: 12 creatures vanquished

Notes
Turn   | Place    | Note
-------+----------+-------------------------------------------
     0 | D:1      | Essalna the Demonspawn Fire Elementalist began the quest
                  | for the Orb.
     0 | D:1      | Reached XP level 1. HP: 13/13 MP: 3/3
   246 | D:1      | Slain by a jackal

Illustrated notes

Levels and vault maps discovered:
D:1:      nicolae_arrival_washed_ashore, layout_loops_corners,
          dreamdust_ecumenical_altar_hidden_monk_grotto

Action                   || total
-------------------------++-------
Melee: Whip              ||    14
       Unarmed           ||     6
 Cast: Foxfire           ||     5
Armor: Robe              ||     5
Dodge: Dodged            ||    29

Table legend: (Time is in decaauts)
 A = Elapsed time spent in this place.
 B = Non-inter-level travel time spent in this place.
 C = Inter-level travel time spent in this place.
 D = Time resting spent in this place.
 E = Time spent auto-exploring this place.
 F = Levels seen in this place.
 G = Mean time per level.
                   A        B        C        D        E       F      G
               +--------+--------+--------+--------+--------+-----+--------+
         Total |    246 |    246 |      0 |      0 |    198 |   1 |  246.0 |
       Dungeon |    246 |    246 |      0 |      0 |    198 |   1 |  246.0 |
               +--------+--------+--------+--------+--------+-----+--------+

Top non-repeatable levels by time:
     D:1: 246 daAuts
